 Dungeon Crawl Stone Soup version 0.28-a0-1348-g050f3537b9 (webtiles) character file.

Game seed: 15364424338280816985

950 1994 the Bolt Thrower (level 8, 0/62 HPs)
             Began as a Barachi Hunter on Dec 30, 2021.
             Was an Initiate of Jiyva.
             Slain by Edmund (10 damage)
             ... on level 5 of the Dungeon.
             The game lasted 00:17:56 (6152 turns).

1994 the Bolt Thrower (Barachi Hunter)              Turns: 6152, Time: 00:17:56

Health: 0/62       AC:  9    Str: 15    XL:     8   Next: 13%
Magic:  8/8        EV: 12    Int: 13    God:    Jiyva [......]
Gold:   283        SH:  0    Dex: 12    Spells: 7/7 levels left

rFire   . . .      SeeInvis .   b - +2 hunting sling (flame)
rCold   . . .      Faith    .   (no shield)
rNeg    . . .      Spirit   .   r - +0 ring mail
rPois   .          Reflect  .   n - +2 hat
rElec   .          Harm     .   C - +0 cloak
rCorr   .          Rampage  .   (no gloves)
Will    +....                   (no boots)
Stlth   +.........              (no amulet)
HPRegen 0.20/turn               o - ring of willpower
MPRegen 0.11/turn               (no ring)

@: unable to hop, slow
A: amphibious, slowness 1, strong legs 1, +LOS
a: Hop, Renounce Religion


You were on level 5 of the Dungeon.
You worshipped Jiyva.
Jiyva was noncommittal.
You visited 1 branch of the dungeon, and saw 5 of its levels.
You also visited: Sewer.

You collected 283 gold pieces.

Inventory:

Hand Weapons
 a - a +1 hand crossbow
 b - a +2 hunting sling of flaming (weapon)
 k - a +2 dagger of electrocution
Missiles
 d - 17 bolts
 f - 70 stones (quivered ammo)
 m - 30 poisoned darts
Armour
 h - a +0 chain mail
 l - a +0 helmet
 n - a +2 hat (worn)
 r - a +0 ring mail (worn)
 C - a +0 cloak (worn)
Magical Staves
 e - a staff of poison
Jewellery
 o - a ring of willpower (left hand)
 q - an amulet of faith
Wands
 y - a wand of flame (30)
Scrolls
 c - a scroll of fog {unknown}
 i - 4 scrolls of fear {unknown}
 p - 2 scrolls of blinking {unknown}
 t - a scroll of holy word {unknown}
 u - a scroll of silence {unknown}
 w - a scroll of enchant weapon {unknown}
 x - 4 scrolls of identify {unknown}
Potions
 g - 2 potions of attraction {unknown}
 j - a potion of mutation {unknown}
 v - 4 potions of heal wounds {unknown}
 z - a potion of brilliance {unknown}
 A - 2 potions of invisibility {unknown}
 B - a potion of magic {unknown}


   Skills:
 + Level 5.3 Fighting
 * Level 7.0 Crossbows
 + Level 4.5 Armour
 + Level 4.9 Dodging
 - Level 0.8 Stealth


You had 7 spell levels left.
You didn't know any spells.
Your spell library contained the following spells:

 Spells                   Type           Power      Damage    Failure   Level
 Magic Dart               Conj           0%         1d3       50%         1
 Call Imp                 Summ           0%         N/A       65%         2
 Mephitic Cloud           Conj/Pois/Air  0%         N/A       86%         3


Dungeon Overview and Level Annotations

Branches:
Dungeon (5/15)              Sewer (visited)
 Temple: D:4-7

Altars:
Gozag
Zin

Annotations:
D:5 Edmund


Innate Abilities, Weirdness & Mutations

You are amphibious.
You cover ground slowly.
You can hop short distances.
You have an extended range of vision and can be seen from far away.


Message History

* * * LOW HITPOINT WARNING * * *
Unknown command.
Fire: 75 stones
Press: ? - help, Q - select action, (/) - cycle Shift-Dir - straight line, f/p - Edmund
Aim: Edmund, wielding a +4 flail of holy wrath and wearing a +4 ring mail of positive energy (almost dead, 65% to hit)
You shoot a stone.
The stone hits Edmund but does no damage.
Edmund is almost dead.
Edmund hits you but does no damage.
Unknown command.
Fire: 74 stones
Press: ? - help, Q - select action, (/) - cycle Shift-Dir - straight line, f/p - Edmund
Aim: Edmund, wielding a +4 flail of holy wrath and wearing a +4 ring mail of positive energy (almost dead, 65% to hit)
You shoot a stone.
The stone hits Edmund but does no damage.
Edmund is almost dead.
Edmund barely misses you.
Unknown command.
Fire: 73 stones
Press: ? - help, Q - select action, (/) - cycle Shift-Dir - straight line, f/p - Edmund
Aim: Edmund, wielding a +4 flail of holy wrath and wearing a +4 ring mail of positive energy (almost dead, 65% to hit)
You shoot a stone. The stone closely misses Edmund.
You hear a distant slurping noise.
Edmund hits you but does no damage.
Unknown command.
Fire: 72 stones
Press: ? - help, Q - select action, (/) - cycle Shift-Dir - straight line, f/p - Edmund
Aim: Edmund, wielding a +4 flail of holy wrath and wearing a +4 ring mail of positive energy (almost dead, 65% to hit)
You shoot a stone. The stone barely misses Edmund.
Edmund hits you with a +4 flail of holy wrath.
* * * LOW HITPOINT WARNING * * *
Unknown command.
Fire: 71 stones
Press: ? - help, Q - select action, (/) - cycle Shift-Dir - straight line, f/p - Edmund
Aim: Edmund, wielding a +4 flail of holy wrath and wearing a +4 ring mail of positive energy (almost dead, 65% to hit)
You shoot a stone.
The stone hits Edmund but does no damage.
Edmund is almost dead.
Edmund hits you with a +4 flail of holy wrath!
You die...

.........##.....#. ..
.........##..<..#.##.#####
.........##.....#..#.....#
..........#.....##.#.....
(.......).#(....##.#...
..(.....(((.....##.#.##
(.).(.((.###'##(......#
.........# #.#####(#..#
(........# #....@@(##.#
...((....# ######.....#
........<########)########
###########.....<.........
#.#####...#####. ....#
####.# .# ..


You could see Edmund.

Vanquished Creatures
  Grinder (D:3)
  Sigmund (D:4)
  Duvessa (D:4)
  An ice beast (D:5)
  Dowan (D:4)
  A bullfrog zombie (D:5)
  Crazy Yiuf (D:3)
  A hound (D:4)
  A jelly (Sewer)
  Terence (D:3)
  Robin (D:2)
  5 adders
  5 worms
  2 dart slugs (D:2)
  3 orcs
  11 endoplasms
  4 giant cockroaches
  16 goblins
  6 hobgoblins
  7 jackals
  5 kobolds
  3 quokkas
  10 ball pythons
  9 bats
  6 frilled lizards (Sewer)
  5 rats
108 creatures vanquished.

Vanquished Creatures (others)
  A scorpion (D:4)
  2 goblins (D:2)
3 creatures vanquished.

Grand Total: 111 creatures vanquished

Notes
Turn   | Place    | Note
-------+----------+-------------------------------------------
     0 | D:1      | 1994 the Barachi Hunter began the quest for the Orb.
     0 | D:1      | Reached XP level 1. HP: 17/17 MP: 1/1
   161 | D:1      | Found a faded altar of an unknown god.
   205 | D:1      | Reached XP level 2. HP: 10/23 MP: 2/2
   712 | D:1      | Reached skill level 1 in Armour
  1158 | D:1      | Reached XP level 3. HP: 28/28 MP: 3/3
  1340 | D:2      | Noticed Robin
  2204 | D:2      | Killed Robin
  2250 | D:2      | Reached XP level 4. HP: 34/35 MP: 4/4
  2896 | D:3      | Noticed Grinder
  2903 | D:3      | Paralysed by Grinder for 4 turns
  2908 | D:3      | Killed Grinder
  2909 | D:3      | Reached skill level 5 in Crossbows
  2909 | D:3      | Reached XP level 5. HP: 13/42 MP: 5/5
  2909 | D:3      | Reached XP level 6. HP: 15/48 MP: 6/6
  3217 | D:3      | Found a glowing silver altar of Zin.
  3250 | D:3      | Noticed Terence
  3254 | D:3      | Killed Terence
  3476 | D:3      | Found a runed translucent door.
  3477 | D:3      | Noticed Crazy Yiuf
  3654 | D:4      | Noticed Dowan
  3655 | D:4      | Noticed Duvessa
  3804 | D:4      | Identified the +6 great sword of Bixez {spect, *Corrode
                  | rElec Str+2}
  3934 | D:4      | Found a glowing drain.
  3975 | Sewer    | Entered a sewer
  4196 | Sewer    | Found a viscous altar of Jiyva.
  4206 | Sewer    | Reached skill level 6 in Crossbows
  4206 | Sewer    | Reached XP level 7. HP: 55/55 MP: 7/7
  4223 | Sewer    | Became a worshipper of Jiyva Juaxe the Shapeless
  4391 | D:4      | Found an opulent altar of Gozag.
  4419 | D:4      | Noticed Sigmund
  4504 | D:3      | Killed Crazy Yiuf
  5314 | D:4      | Killed Duvessa
  5320 | D:4      | Killed Dowan
  5403 | D:4      | Killed Sigmund
  5404 | D:4      | Reached skill level 5 in Fighting
  5576 | D:5      | Entered Level 5 of the Dungeon
  6061 | D:5      | Reached XP level 8. HP: 62/62 MP: 8/8
  6076 | D:5      | Noticed Edmund
  6089 | D:5      | Reached skill level 7 in Crossbows
  6152 | D:5      | Slain by Edmund

Illustrated notes

Levels and vault maps discovered:
D:1:      kilobyte_arrival_exit_the_forest, layout_loops_ring,
          chequers_ecumenical_altar_island
D:2:      layout_rooms, uniq_robin
D:3:      layout_basic, mainiacjoe_overflow_small_starburst, uniq_grinder,
          uniq_crazy_yiuf_cottage, uniq_terence
D:4:      layout_cave_pools, nicolae_gozag_cash_rules_everything_around_me,
          cheibrodos_sewer_entry_bend, uniq_duvessa, uniq_sigmund
D:5:      layout_basic, uniq_eustachio, uniq_prince_ribbit1, uniq_edmund

Skill      XL: |  1  2  3  4  5  6  7  8 |
---------------+-------------------------+-----
Armour         | 1 2 3 4 |  4.5
Fighting       | 3 4 5 |  5.3
Crossbows      | 5 6 7 |  7.0
Dodging        | 3 4 |  4.9
Stealth        | |  0.8

Action                   |  1- 3 |  4- 6 |  7- 9 || total
-------------------------+-------+-------+-------++-------
Melee: Short sword       |    69 |       |     6 ||    75
 Fire: Hand crossbow     |    32 |       |       ||    32
       Hunting sling     |    13 |   152 |   143 ||   308
Throw: Dart              |       |       |     6 ||     6
 Abil: Hop               |     1 |     1 |     4 ||     6
 Stab: Sleeping          |     1 |       |       ||     1
Armor: Leather armour    |    46 |     2 |       ||    48
       Ring mail         |       |    23 |    46 ||    69
Dodge: Dodged            |    67 |    13 |    58 ||   138

Table legend: (Time is in decaauts)
 A = Elapsed time spent in this place.
 B = Non-inter-level travel time spent in this place.
 C = Inter-level travel time spent in this place.
 D = Time resting spent in this place.
 E = Time spent auto-exploring this place.
 F = Levels seen in this place.
 G = Mean time per level.
                   A        B        C        D        E       F      G
               +--------+--------+--------+--------+--------+-----+--------+
         Total |   6781 |   6498 |    283 |   2547 |   2166 |   6 | 1130.2 |
       Dungeon |   6395 |   6112 |    283 |   2484 |   2004 |   5 | 1279.0 |
         Sewer |    386 |    386 |      0 |     63 |    162 |   1 |  386.0 |
               +--------+--------+--------+--------+--------+-----+--------+

Top non-repeatable levels by time:
     D:1: 2246 daAuts
     D:3: 1672 daAuts
     D:4: 1633 daAuts
     D:2: 679 daAuts
   Sewer: 386 daAuts
     D:5: 163 daAuts
